 Dungeon Crawl Stone Soup version 0.27.1-4-g1640c2035a (webtiles) character file.

Game seed: 11038565189164404806

9958 SquidGame the Cleaver (level 11, -14/103 HPs)
             Began as a Tengu Berserker on Nov 12, 2021.
             Was an Elder of Trog.
             Demolished by an orc knight (17 damage)
             ... on level 2 of the Orcish Mines.
             The game lasted 00:39:24 (12295 turns).

SquidGame the Cleaver (Tengu Berserker)            Turns: 12295, Time: 00:39:25

Health: -14/103    AC: 13    Str: 21    XL:     11   Next: 54%
Magic:  4/4        EV: 12    Int:  7    God:    Trog [****..]
Gold:   926        SH:  0    Dex: 14    Spells: 10/10 levels left

rFire    + . .     SeeInvis .   y - +1 battleaxe (antimagic)
rCold    . . .     Faith    .   (shield currently unavailable)
rNeg     + . .     Spirit   .   D - +0 chain mail {rN+}
rPois    .         Reflect  .   (helmet restricted)
rElec    .         Harm     .   (no cloak)
rCorr    +         Rampage  .   m - +0 pair of gloves
Will     .....                  (boots unavailable)
Stlth    ..........             j - amulet of regeneration
HPRegen  1.27/turn              v - ring of resist corrosion
MPRegen  0.09/turn              z - ring of protection from fire

@: berserking (expiring), lethally poisoned (-14 -> -15), flying quickly and
evasively, very quick
A: beak, talons 3, nimble flight
a: Renounce Religion, Berserk, Trog's Hand, Brothers in Arms


You were on level 2 of the Orcish Mines.
You worshipped Trog.
Trog was greatly pleased with you.
You visited 2 branches of the dungeon, and saw 12 of its levels.

You collected 926 gold pieces.

Inventory:

Hand Weapons
 y - a +1 antimagic battleaxe (weapon)
 K - a +4 war axe of freezing
Missiles
 w - 41 poisoned darts (quivered)
 H - 14 boomerangs
 I - a throwing net
Armour
 m - a +0 pair of gloves (worn)
 D - a +0 chain mail of positive energy (worn)
Jewellery
 g - a ring of ice
 j - an amulet of regeneration (around neck)
 t - a ring of positive energy
 v - a ring of resist corrosion (left hand)
 z - a ring of protection from fire (right hand)
Wands
 r - a wand of flame (21)
 B - a wand of mindburst (18)
 E - a wand of iceblast (5)
 G - a wand of paralysis (9)
Scrolls
 f - a scroll of magic mapping {unknown}
 h - 9 scrolls of teleportation
 i - 2 scrolls of fear {unknown}
 k - a scroll of acquirement {unknown}
 n - a scroll of fog
 q - a scroll of silence
 s - 2 scrolls of blinking
 A - a scroll of summoning {unknown}
 J - 2 scrolls of enchant armour
Potions
 a - a potion of degeneration {unknown}
 c - a potion of might {unknown}
 d - a potion of attraction {unknown}
 e - 2 potions of flight {unknown}
 l - 2 potions of haste {unknown}
 o - 5 potions of lignification
 p - 2 potions of mutation {unknown}
 u - 3 potions of brilliance {unknown}
 x - a potion of ambrosia {unknown}
 C - 5 potions of curing {unknown}
 F - 2 potions of heal wounds
 M - a potion of berserk rage {unknown}
Miscellaneous
 b - a box of beasts (inert)


   Skills:
 + Level 8.4 Fighting
 + Level 12.1 Axes
 + Level 5.4 Throwing
 + Level 10.3 Armour
 + Level 4.7 Dodging
 + Level 2.4 Stealth
 + Level 1.3 Evocations


You had 10 spell levels left.
You didn't know any spells.
Your spell library was empty.

Dungeon Overview and Level Annotations

Branches:
Dungeon (10/15)            Temple (0/1) D:7             Orc (2/2) D:10
   Lair: D:8-11         Elf: Orc:2

Altars:
Ashenzari
Cheibriados
Dithmenos
Elyvilon
Fedhas
Gozag
Hepliaklqana
Ru
Trog
Vehumet
Wu Jian
Xom
Yredelemnul

Annotations:
D:7 3 runed translucent doors, Ekaitz's ghost, novice MiFi; FancyManDan's ghost, novice TrWr; ZARRMARR's ghost, novice OpCj


Innate Abilities, Weirdness & Mutations

You have a beak for a mouth.
You have claws for feet.
Your magical nature lets you fly swiftly and evasively.


Message History

You slash something! Trog accepts your kill.
Trog appreciates your killing of a magic user.
Reactivating autopickup.
You feel a bit more experienced.
You feel sick.
You completely miss the orc knight. Your kick misses the orc knight.
The orc knight is lightly wounded.
You feel sick.
Your ogre barely misses the orc knight.
Unknown command.
You feel sick.
The orc high priest shouts!
The orc knight hits you but does no damage.
The orc knight hits your ogre with a +0 battleaxe!!
The orc high priest prays to Beogh.
The orc knight hits you with a +0 glaive!!
Your ogre hits the orc knight but does no damage.
You hit the orc knight. Your kick misses the orc knight.
You peck the orc knight, but do no damage.
The orc knight is lightly wounded.
You slash the orc knight!
You feel sick. The orc knight barely misses you.
The orc knight hits your ogre with a +0 battleaxe!
The orc high priest prays to Beogh.
You completely miss the orc knight.
The orc knight is lightly wounded.
You barely miss the orc knight.
You feel sick.
Your ogre completely misses the orc knight.
The orc knight hits you with a +0 glaive!!
* * * LOW HITPOINT WARNING * * *
You barely miss the orc knight. You claw the orc knight.
The orc knight is lightly wounded.
You hit the orc knight but do no damage.
You feel sick.
Your ogre hits the orc knight with a +0 giant club!
The orc knight hits you with a +0 battleaxe!
* * * LOW HITPOINT WARNING * * *
The orc knight hits your ogre with a +0 battleaxe!!
Your ogre dies!
Your ogre's corpse disappears in a puff of smoke!
The orc knight hits you with a +0 glaive!
You die...

#..........###.#.....
##..........#.##......
####....................#
#..#.<....##............#
#####.[....###............#
#......[).####.........####
##.#......###............#
#####..ยง)#.....o.......###
###..o@....4...........
#......o...............
##............###......
##..#........# #.#....
##.#.......## ###....
###......## #.#.. ##
###..### ####. ##. #....#
#.# #...####...## ###


You could see 2 orc knights, an orc high priest (strong) and a rust devil
(summoned).

Vanquished Creatures
  A two-headed ogre (D:8)
  A hydra (D:8)
  An orc knight (Orc:2)
  An orc sorcerer (Orc:2)
  2 cyclopes
  An unseen horror (D:6)
  A komodo dragon (D:10)
  A troll (D:5)
  A hornet (D:8)
  4 yaks (D:10)
  Eustachio (D:4)
  A warg (Orc:2)
  Menkaure (D:4)
  5 water moccasins
  4 orc warriors
  An ice beast (D:6)
  2 sky beasts (D:8)
  2 ogres
  A centaur (D:6)
  A phantom (D:6)
  A wyvern zombie (D:6)
  2 gnoll sergeants
  2 scorpions (D:4)
  5 bullfrogs
  A water moccasin zombie (D:5)
  A wyvern skeleton (D:7)
  A killer bee (D:7)
  4 wights (D:8)
  6 electric eels (D:5)
  A bullfrog zombie (D:6)
  5 centaur zombies
  3 hounds
  11 orc priests
  2 iguanas
  17 orc wizards
  A killer bee zombie (D:8)
  2 howler monkey zombies (D:9)
  7 gnolls
  5 adders
  2 river rats (D:3)
  A shadow imp (D:7)
  3 white imps
  An ufetubus (D:5)
  2 worms (D:3)
  42 orcs
  9 ball pythons
  5 endoplasms
  3 giant cockroaches
  6 goblins
  11 hobgoblins
  7 jackals
  5 quokkas
  12 bats (D:3)
  2 frilled lizards
  9 kobolds
  4 rats
234 creatures vanquished.

Vanquished Creatures (collateral kills)
  An orc high priest (Orc:2)
  6 orc warriors
  2 ogres (Orc:1)
  3 orc priests
  An orc wizard (Orc:2)
  2 gnolls (Orc:1)
  6 orcs
21 creatures vanquished.

Vanquished Creatures (others)
  4 plants (D:5)
  4 withered plants (D:7)
8 creatures vanquished.

Grand Total: 263 creatures vanquished

Notes
Turn   | Place    | Note
-------+----------+-------------------------------------------
     0 | D:1      | SquidGame the Tengu Berserker began the quest for the Orb.
     0 | D:1      | Reached XP level 1. HP: 14/14 MP: 2/2
   328 | D:1      | Reached XP level 2. HP: 19/19 MP: 3/3
   863 | D:1      | Reached XP level 3. HP: 23/23 MP: 4/4
  1220 | D:2      | Reached skill level 4 in Axes
  1351 | D:2      | Reached ** piety under Trog
  2273 | D:2      | Reached XP level 4. HP: 25/29 MP: 5/5
  2944 | D:3      | Noticed a bullfrog
  2953 | D:3      | Gained mutation: Your magical nature lets you fly swiftly
                  | and evasively. [Tengu growth]
  2953 | D:3      | Reached XP level 5. HP: 15/33 MP: 6/6
  3183 | D:3      | Reached skill level 5 in Axes
  3479 | D:4      | Noticed Eustachio
  3489 | D:4      | Reached XP level 6. HP: 40/40 MP: 7/7
  3493 | D:4      | Killed Eustachio
  3494 | D:4      | Reached skill level 1 in Stealth
  3582 | D:4      | Reached XP level 7. HP: 44/44 MP: 8/8
  4046 | D:4      | Reached *** piety under Trog
  4148 | D:4      | Found a white marble altar of Elyvilon.
  4148 | D:4      | Found a blossoming altar of Fedhas.
  4156 | D:4      | Found an opulent altar of Gozag.
  4158 | D:4      | Found a broken altar of Ashenzari.
  4160 | D:4      | Found a snail-covered altar of Cheibriados.
  4261 | D:4      | Reached skill level 5 in Fighting
  4472 | D:4      | Found a bloodstained altar of Trog.
  4472 | D:4      | Noticed Menkaure
  4477 | D:4      | Killed Menkaure
  4478 | D:4      | Reached skill level 6 in Axes
  4564 | D:5      | Entered Level 5 of the Dungeon
  4627 | D:5      | Found a shimmering altar of Xom.
  4838 | D:5      | Reached skill level 5 in Armour
  5055 | D:5      | Reached XP level 8. HP: 49/49 MP: 9/9
  5090 | D:5      | Reached skill level 1 in Throwing
  5426 | D:5      | Reached skill level 7 in Axes
  5526 | D:5      | Noticed a troll
  5533 | D:5      | Killed a troll
  6024 | D:6      | Reached skill level 8 in Axes
  6039 | D:6      | Killed an unseen horror
  6040 | D:6      | Reached XP level 9. HP: 21/55 MP: 10/10
  6388 | D:6      | Found a basalt altar of Yredelemnul.
  6438 | D:6      | Found a sacrificial altar of Ru.
  6496 | D:7      | Found a runed translucent gate.
  6496 | D:7      | Found a runed translucent gate.
  6535 | D:7      | Found a runed translucent gate.
  6568 | D:7      | Noticed Ekaitz's ghost (novice MiFi)
  6568 | D:7      | Noticed FancyManDan's ghost (novice TrWr)
  6568 | D:7      | Noticed ZARRMARR's ghost (novice OpCj)
  6727 | D:7      | Found a staircase to the Ecumenical Temple.
  6865 | D:7      | Reached skill level 9 in Axes
  6973 | D:6      | Found an ornate altar of the Wu Jian Council.
  7453 | D:8      | Reached **** piety under Trog
  7682 | D:8      | Found a radiant altar of Vehumet.
  7716 | D:8      | Noticed a hornet
  7723 | D:8      | Killed a hornet
  8093 | D:8      | Noticed a two-headed ogre
  8099 | D:8      | Reached XP level 10. HP: 61/61 MP: 11/11
  8100 | D:8      | Killed a two-headed ogre
  8101 | D:8      | Reached skill level 10 in Axes
  8281 | D:8      | Noticed a death knight
  8281 | D:8      | Noticed a five-headed hydra
  8281 | D:8      | Noticed a cyclops
  9006 | D:8      | Killed a cyclops
  9325 | D:8      | Killed an eight-headed hydra
  9326 | D:8      | Reached skill level 1 in Evocations
 10308 | D:9      | Reached skill level 11 in Axes
 10525 | D:10     | Entered Level 10 of the Dungeon
 10601 | D:10     | Reached XP level 11. HP: 68/68 MP: 12/12
 10777 | D:10     | Found a hazy altar of Hepliaklqana.
 10781 | D:10     | Found a staircase to the Orcish Mines.
 10786 | D:10     | Noticed a cyclops
 10796 | D:10     | Killed a cyclops
 10876 | D:10     | Reached skill level 10 in Armour
 10894 | D:10     | Found a shadowy altar of Dithmenos.
 11174 | Orc:1    | Entered Level 1 of the Orcish Mines
 11195 | Orc:1    | Reached skill level 5 in Throwing
 11456 | Orc:2    | Entered Level 2 of the Orcish Mines
 11691 | Orc:2    | Reached ***** piety under Trog
 11802 | Orc:2    | Noticed an orc knight
 11816 | Orc:2    | Killed an orc knight
 11916 | Orc:2    | Noticed an orc high priest
 11921 | Orc:2    | Noticed an orc high priest
 11921 | Orc:2    | Noticed an orc sorcerer
 11926 | Orc:2    | Noticed an orc sorcerer
 11926 | Orc:2    | Noticed an orc knight
 11926 | Orc:2    | Noticed an orc knight
 11927 | Orc:2    | Noticed an orc knight
 11929 | Orc:2    | Noticed a sixfirhy
 11930 | Orc:2    | Killed an orc high priest
 11931 | Orc:2    | Reached skill level 12 in Axes
 11931 | Orc:2    | Noticed a sixfirhy
 12287 | Orc:2    | Killed an orc sorcerer
 12295 | Orc:2    | HP: 3/103 [orc knight (17)]
 12295 | Orc:2    | Demolished by an orc knight

Illustrated notes

Levels and vault maps discovered:
D:1:      dpeg_arrival_prison, layout_basic, minmay_split_cup_large
D:2:      layout_basic
D:3:      layout_basic, gup_sewer_entry_bubbles, minmay_misc_feat_alley,
          roderic_batcave
D:4:      layout_basic, chequers_temple_overflow_minitemple, trog_book,
          minmay_puff, uniq_eustachio, uniq_menkaure
D:5:      cheibrodos_two_vegetables, layout_basic, mainiacjoe_overflow_brackets
D:6:      layout_cave_pools, nicolae_overflow_hidden_temple,
          kennysheep_small_square
D:7:      layout_rooms, minmay_temple_entry_nine_rooms, gammafunk_ghost_cemetery
D:8:      nzn_winding_woodlands_three_and_one [nzn_winding_woodlands_5x15_eye,
          nzn_winding_woodlands_5x15_pool, nzn_winding_woodlands_5x15_zeroes,
          nzn_winding_woodlands_center_triple_pond], layout_basic,
          mainiacjoe_overflow_six_doors_small
D:9:      layout_grid_maze
D:10:     layout_rooms, mainiacjoe_overflow_boulevard, lemuel_crystal_altar
Orc:1:    layout_caves
Orc:2:    grunt_orc_tribal_feast, layout_diamond_mine

Skill      XL: |  1  2  3  4  5  6  7  8  9 10 11 |
---------------+----------------------------------+-----
Axes           | 4 5 6 8 9 11 12 | 12.1
Fighting       | 4 5 6 7 8 |  8.4
Armour         | 3 5 6 8 9 10 | 10.3
Stealth        | 1 2 |  2.4
Dodging        | 3 4 |  4.7
Throwing       | 3 4 5 |  5.4
Evocations     | 1 |  1.3

Action                   |  1- 3 |  4- 6 |  7- 9 | 10-12 || total
-------------------------+-------+-------+-------+-------++-------
Melee: Hand axe          |    72 |    93 |    12 |       ||   177
       Kick              |    15 |    26 |    60 |    46 ||   147
       Peck              |     9 |    15 |    40 |    27 ||    91
       War axe           |       |       |   209 |   107 ||   316
       Battleaxe         |       |       |       |    44 ||    44
Throw: Dart              |       |       |    39 |    42 ||    81
Invok: Berserk           |     1 |     4 |    14 |     9 ||    28
       Trog's Hand       |       |       |     2 |     3 ||     5
       Brothers in Arms  |       |       |       |     4 ||     4
Evoke: Wand              |       |       |       |    10 ||    10
       Box of beasts     |       |       |       |     1 ||     1
  Use: Scroll            |       |       |     4 |    12 ||    16
       Potion            |       |       |       |     1 ||     1
 Stab: Sleeping          |     1 |       |       |       ||     1
       Paralysed         |       |       |       |     3 ||     3
Armor: Leather armour    |     8 |       |       |       ||     8
       Ring mail         |     9 |       |       |       ||     9
       Scale mail        |     3 |    53 |     4 |       ||    60
       Chain mail        |       |       |   132 |    75 ||   207
Dodge: Dodged            |    33 |    60 |   101 |    82 ||   276
